 Dungeon Crawl Stone Soup version 0.29-a0-371-g91724d5b39 (webtiles) character file.

Game seed: 7311716596380297815

46 psuckher the Charlatan (level 3, 0/20 HPs)
             Began as a Gargoyle Artificer on May 2, 2022.
             Slain by a worm (4 damage)
             ... on level 2 of the Dungeon.
             The game lasted 00:07:08 (1951 turns).

psuckher the Charlatan (Gargoyle Artificer)         Turns: 1951, Time: 00:07:09

Health: 0/20       AC:  6    Str: 17    XL:     3   Next: 66%
Magic:  3/3        EV: 11    Int: 11    God:
Gold:   56         SH:  0    Dex: 10    Spells: 2/2 levels left

rFire   x . .      SeeInvis .   a - +0 club
rCold   + . .      Faith    .   (no shield)
rNeg    + . .      Spirit   .   b - +0 leather armour
rPois   ∞          Reflect  .   (no helmet)
rElec   +          Harm     .   (no cloak)
rCorr   .          Rampage  .   (no gloves)
Will    .....                   (no boots)
Stlth   +.........              (no amulet)
HPRegen 0.06/turn               l - ring of ice
MPRegen 0.08/turn               (no ring)

@: no status effects
A: sickness immunity, AC +3, negative energy resistance 1, electricity
resistance, torment resistance 1, petrification resistance
a: no special abilities


You were on level 2 of the Dungeon.
You visited 1 branch of the dungeon, and saw 2 of its levels.

You collected 56 gold pieces.

Inventory:

Hand Weapons
 a - a +0 club (weapon)
 o - a +1 dagger of pain
Armour
 b - a +0 leather armour (worn)
 g - a +0 ring mail
Jewellery
 l - a ring of ice (left hand)
Wands
 c - a wand of flame (15) (quivered)
 d - a wand of charming (14)
 e - a wand of iceblast (9)
Scrolls
 f - 2 scrolls of teleportation
 i - a scroll of acquirement {unknown}
 j - 3 scrolls of identify {unknown}
 k - a scroll of noise {unknown}
 n - a scroll of immolation {unknown}
Potions
 h - a potion of mutation {unknown}
 m - a potion of degeneration {unknown}


   Skills:
 + Level 1.3 Fighting
 + Level 0.8 Maces & Flails
 + Level 2.5 Armour
 + Level 1.1 Dodging
 + Level 1.3 Stealth
 + Level 3.5 Evocations


You had 2 spell levels left.
You didn't know any spells.
Your spell library contained the following spells:

 Spells                   Type           Power      Damage    Failure   Level
 Shock                    Conj/Air       0%         1d3       38%         1
 Swiftness                Air            0%         N/A       77%         3
 Airstrike                Air            0%         N/A       99%         4


Dungeon Overview and Level Annotations

Branches:
Dungeon (2/15)

Altars:


Innate Abilities, Weirdness & Mutations

You are immune to sickness and miasma.
Your stone body is resilient. (AC +3)
You are immune to poison.
You resist negative energy. (rN+)
You are resistant to electric shocks. (rElec)
You are resistant to unholy torment.
You are immune to petrification.


Message History

Found 7 gold pieces.
You now have 56 gold pieces (gained 7).
A ball python and a worm come into view.
Found 11 gold pieces.
The ball python bites you but does no damage.
The ball python grabs you. The ball python constricts you.
You hit the ball python.
You kill the ball python!
You hit the worm.
The worm is lightly wounded.
The worm misses you.
You barely miss the worm.
The worm is lightly wounded.
You barely miss the worm.
The worm is lightly wounded.
The worm closely misses you.
You hit the worm.
The worm is lightly wounded.
The worm barely misses you.
You completely miss the worm.
The worm is lightly wounded.
The worm bites you.
You hit the worm.
The worm is moderately wounded.
You hit the worm.
The worm is heavily wounded.
The worm barely misses you.
You hit the worm.
The worm is severely wounded.
The worm bites you!
* * * LOW HITPOINT WARNING * * *
You barely miss the worm.
The worm is severely wounded.
The worm closely misses you.
You hit the worm but do no damage.
The worm is heavily wounded.
You hit the worm but do no damage.
The worm is heavily wounded.
The worm bites you.
You die...

####........ #
#.......#### .
###.##.##.# #
##.#.##.##.#### # ##
##.#............ ###
....####.###.##.##.###.
..##### ........##
##.†.##.# #. .......
..##.###..# #.......# #.
).#
#.....w@.#.#.#.###### #.
.....#
####..##.##.##.########.
..##... ....
##.###..##....... ..# #
#### #...#.##.####.. ..#
##.##.# #.# ..# #.##.#
#. ..# . ##.# #. ..# #
#.# #. #.# #.


You could see a worm.

Vanquished Creatures
  A gnoll (D:1)
  A dart slug (D:1)
  5 endoplasms
  3 goblins (D:1)
  5 hobgoblins (D:1)
  2 quokkas (D:1)
  5 ball pythons
  3 bats
  3 frilled lizards
  A kobold (D:2)
  3 rats (D:1)
32 creatures vanquished.

Vanquished Creatures (others)
  A hobgoblin (D:1)
1 creature vanquished.

Grand Total: 33 creatures vanquished

Notes
Turn   | Place    | Note
-------+----------+-------------------------------------------
     0 | D:1      | psuckher the Gargoyle Artificer began the quest for the
                  | Orb.
     0 | D:1      | Reached XP level 1. HP: 12/12 MP: 1/1
    79 | D:1      | Reached skill level 3 in Evocations
    79 | D:1      | Reached XP level 2. HP: 8/16 MP: 2/2
   515 | D:1      | Reached XP level 3. HP: 12/20 MP: 3/3
   550 | D:1      | HP: 1/20 [hobgoblin (2)]
   644 | D:1      | Reached skill level 1 in Dodging
  1452 | D:2      | HP: 1/20 [endoplasm (3)]
  1951 | D:2      | Slain by a worm

Illustrated notes

Levels and vault maps discovered:
D:1:      dpeg_arrival_stone_temple_mockup, layout_rooms
D:2:      layout_loops_ring, chequers_ecumenical_altar_island,
          hangedman_glass_teeth

Skill      XL: |  1  2  3 |
---------------+----------+-----
Evocations     | 3 |  3.5
Dodging        | 1 |  1.1
Fighting       | |  1.3
Maces & Flails | |  0.8
Armour         | |  2.5
Stealth        | |  1.3

Action                   || total
-------------------------++-------
Melee: Club              ||   148
       Punch             ||     2
Evoke: Wand              ||     1
  Use: Potion            ||     2
       Scroll            ||     1
 Stab: Sleeping          ||     1
Armor: Leather armour    ||    69
Dodge: Dodged            ||   126

Table legend: (Time is in decaauts)
 A = Elapsed time spent in this place.
 B = Non-inter-level travel time spent in this place.
 C = Inter-level travel time spent in this place.
 D = Time resting spent in this place.
 E = Time spent auto-exploring this place.
 F = Levels seen in this place.
 G = Mean time per level.
                   A        B        C        D        E       F      G
               +--------+--------+--------+--------+--------+-----+--------+
         Total |   1993 |   1951 |     42 |      0 |    420 |   2 |  996.5 |
       Dungeon |   1993 |   1951 |     42 |      0 |    420 |   2 |  996.5 |
               +--------+--------+--------+--------+--------+-----+--------+

Top non-repeatable levels by time:
     D:1: 1785 daAuts
     D:2: 207 daAuts
